Workbook

Sheet MATRIZ
A1: MATRIZ DE RIESGOS
O2: IMPACTO DESPUES DEL TRATAMIENTO | W2: MONITOREO Y REVISION
A3: # | B3: CLASE | C3: FUENTE | D3: ETAPA | E3: TIPO | F3: DESCRIPCION | G3: CONSECUENCIAS DEL EVENTO | H3: PROBABILIDAD | I3: IMPACTO | J3: VALORACION DEL RIESGO | K3: CATEGORIA | L3: # | M3: ASIGNACION | N3: TRATAMIENTO | O3: PROBABILIDAD | P3: IMPACTO | Q3: VALORACION DEL RIESGO | R3: CATEGORIA | S3: AFECTACION AL CONTRATO | T3: PERSONA RESPONSABLE POR IMPLEMENTAR EL TRATAMIENTO | U3: FECHA ESTIMADA EN QUE SE INICIA EL TRATAMIENTO | V3: FECHA EN QUE SE COMPLETA EL TRATAMIENTO | W3: COMO SE REALIZA EL MONITOREO | X3: PERIODICIDAD
A4: 1 | B4: G | C4: E | D4: E | E4: ECONOMICO | F4: 1.1. Riesgo presentado por la fluctuación de precios y/o reajustes ocasionados durante la ejecución del contrato en el costo de insumos, tarifas, jornales, materiales, asesorías, honorarios, etc., regulados por el Gobierno. Riesgo que asume el CONTRATANTE, cuando el incremento sobrepase al menos el 50%, del valor del contrato, al momento de su celebración. | G4: Incremento de costos del proyecto. Disminución de metas físicas del proyecto. Mayor inversión de recursos por parte de la Entidad. | H4: 1 | I4: 1 | J4: =H4+I4 -> 2 | K4: =IF(J4<=4,'VALORACIÓN DEL RIESGO'!$K$7,IF(J4=5,'VALORACIÓN DEL RIESGO'!$K$6,IF(J4<=7,'VALORACIÓN DEL RIESGO'!$K$5,IF(J4>6,'VALORACIÓN DEL RIESGO'!$K$4)))) -> Riesgo bajo | L4: 1 | M4: 1.1 Contratista y Municipio. | N4: 1.1 Y 1.2 Para la mitigación del riesgo, el Contratista deberá tener un plan de compras de todos los bienes y servicios que requiera para la ejecución del contrato, los cuales deberán adquirirse en la oportunidad y cantidad más convenientes según la relación costo beneficio que demandan los costos de transporte, el bodegaje, custodia y los demás que puedan generarse. Para ello el Contratista deberá precaver la oportunidad de compra de los mismos y los acuerdos de mantenimiento de precios con sus proveedores cuando los precios sean inestables o cuando la ejecución del contrato se realice en más de una vigencia. El Municipio no asumirá costos que se ocasionen por el mal manejo de a oferta y la demanda del mercado o por su negligencia o impericia, por cuanto el conocimiento y manejo del mismo son de su responsabilidad. | O4: 1 | P4: 1 | Q4: =O4+P4 -> 2 | R4: =IF(Q4<=4,'VALORACIÓN DEL RIESGO'!$K$7,IF(Q4=5,'VALORACIÓN DEL RIESGO'!$K$6,IF(Q4<=7,'VALORACIÓN DEL RIESGO'!$K$5,IF(Q4>6,'VALORACIÓN DEL RIESGO'!$K$4)))) -> Riesgo bajo | S4: No | T4: Contratista y Municipio | U4: A la adjudicación del contrato | V4: A la terminación del contrato | W4: Requerimientos por parte del supervisor e interventor y revisión periódica del plan de compras y cronograma de ejecución | X4: Con cada acta parcial realizada por el supervisor e interventor
B5: G | C5: E | D5: E | F5: 1.2. Riesgo presentado por la fluctuación de precios y/o reajustes ocasionados durante la ejecución del contrato en el costo de insumos, tarifas, jornales, materiales, asesorías, honorarios, etc., no regulados por el Gobierno. Riesgo que asume el PROPONENTE Y/O CONTRATISTA, cuando el incremento no supere el 50% sobre el valor del mismo, al momento de la celebración del contrato. | G5: Incremento de costos del proyecto. Mayor inversión de recursos por parte del contratista. | H5: 1 | I5: 1 | J5: =H5+I5 -> 2 | K5: =IF(J5<=4,'VALORACIÓN DEL RIESGO'!$K$7,IF(J5=5,'VALORACIÓN DEL RIESGO'!$K$6,IF(J5<=7,'VALORACIÓN DEL RIESGO'!$K$5,IF(J5>6,'VALORACIÓN DEL RIESGO'!$K$4)))) -> Riesgo bajo | M5: 1.2 Contratista | O5: 1 | P5: 1 | Q5: =O5+P5 -> 2 | R5: =IF(Q5<=4,'VALORACIÓN DEL RIESGO'!$K$7,IF(Q5=5,'VALORACIÓN DEL RIESGO'!$K$6,IF(Q5<=7,'VALORACIÓN DEL RIESGO'!$K$5,IF(Q5>6,'VALORACIÓN DEL RIESGO'!$K$4)))) -> Riesgo bajo | S5: No | T5: Contratista | U5: A la adjudicación del contrato | V5: A la terminación del contrato | W5: Requerimientos por parte del supervisor e interventor y revisión periódica del plan de compras y cronograma de ejecución | X5: Con cada acta parcial realizada por el supervisor e Interventor
B6: G | C6: E | D6: E | F6: 1.3. Escasez de cualquier tipo de material, insumo, combustible para la ejecución de la obra, o por la salida del mercado de insumos o materias primas para la ejecución de obras. El CONTRATISTA en la visita técnica que bajo su responsabilidad le corresponde realizar al proyecto, debe prever y tener planes de contingencia para subsanarla. Riesgo que asume el PROPONENTE Y/O CONTRATISTA. | G6: Incremento de costos del proyecto. Mayor inversión de recursos por parte del contratista. Posible retraso en los cronogramas de ejecución. Posible ajuste o cambio de especificaciones técnicas, sin afectar la calidad del proyecto. | H6: 1 | I6: 1 | J6: 1 | K6: =IF(J6<=4,'VALORACIÓN DEL RIESGO'!$K$7,IF(J6=5,'VALORACIÓN DEL RIESGO'!$K$6,IF(J6<=7,'VALORACIÓN DEL RIESGO'!$K$5,IF(J6>6,'VALORACIÓN DEL RIESGO'!$K$4)))) -> Riesgo bajo | M6: 1.3 Contratista | N6: 1.3 Y 1.4 Realizar oportunamente las compras para dar cumplimiento al cronograma de ejecución, o realizar compras anticipadas cuando el mercado advierta o de indicios serios de la escases de bienes y servicios. Igualmente el contratista deberá tener un plan de contingencia que le permita continuar la ejecución de otras actividades contenidas en el cronograma y así evitar la parálisis de las obras. No obstante para ello se ha previsto la realización de la visita de obra, la cual cuenta el acompañamiento de los funcionarios y colaboradores del municipio, que le permiten al contratista verificar y evaluar la zona de ejecución de las obras, tal como se establece en los estudios previos y el pliego de condiciones, a fin de que constante las fuentes de materiales y proveedores de la Región. | O6: 1 | P6: 1 | Q6: =O6+P6 -> 2 | R6: =IF(Q6<=4,'VALORACIÓN DEL RIESGO'!$K$7,IF(Q6=5,'VALORACIÓN DEL RIESGO'!$K$6,IF(Q6<=7,'VALORACIÓN DEL RIESGO'!$K$5,IF(Q6>6,'VALORACIÓN DEL RIESGO'!$K$4)))) -> Riesgo bajo | S6: No | T6: Contratista | U6: A la adjudicación del contrato | V6: A la terminación del contrato | W6: Requerimientos por parte del supervisor e interventor | X6: Con cada acta parcial realizada por el supervisor e Interventor
B7: G | C7: E | D7: E | F7: 1.4. Riesgo presentado por la modificación y/o cambios de ubicación en las fuentes de materiales. Hace referencia al riesgo técnico, ambiental y/o social, en cuanto a calidad y cantidad del material, explotación y su distancia de acarreo. Le corresponde al interesado o proponente verificar en la visita de obra las fuentes de materiales a emplear, para la presentación de una propuesta acorde con las obras a ejecutar. Riesgo que asume el PROPONENTE Y/O CONTRATISTA. | G7: Incremento de costos del proyecto. Mayor inversión de recursos por parte del contratista. Posible ajuste o cambio de especificaciones técnicas, sin afectar la calidad del proyecto. | H7: 1 | I7: 1 | J7: =H7+I7 -> 2 | K7: =IF(J7<=4,'VALORACIÓN DEL RIESGO'!$K$7,IF(J7=5,'VALORACIÓN DEL RIESGO'!$K$6,IF(J7<=7,'VALORACIÓN DEL RIESGO'!$K$5,IF(J7>6,'VALORACIÓN DEL RIESGO'!$K$4)))) -> Riesgo bajo | M7: 1.4 Contratista | O7: 1 | P7: 1 | Q7: =O7+P7 -> 2 | R7: =IF(Q7<=4,'VALORACIÓN DEL RIESGO'!$K$7,IF(Q7=5,'VALORACIÓN DEL RIESGO'!$K$6,IF(Q7<=7,'VALORACIÓN DEL RIESGO'!$K$5,IF(Q7>6,'VALORACIÓN DEL RIESGO'!$K$4)))) -> Riesgo bajo | S7: No | T7: Contratista | U7: Desde la fecha programada para la visita de obra | V7: A la terminación del contrato | W7: Requerimientos por parte del supervisor e interventor | X7: Con cada acta parcial realizada por el supervisor e Interventor
B8: G | C8: E | D8: E | F8: 1.4. Riesgo presentado por Análisis de Precios Unitarios por debajo del presupuesto oficial (es decir, cuando estos precios se encuentran por debajo del 95 por ciento de cada uno de los ítems del presupuesto oficial y/o de cada uno de los costos directos e indirectos en la propuesta del PROPONENTE Y/O CONTRATISTA. Riesgo que asume el PROPONENTE Y/O CONTRATISTA. El presupuesto oficial se calcula de conformidad con los precios de mercado para el sitio de ejecución del proyecto al momento de publicación del Pliego Definitivo y sus Adendas (en caso de presentarse). | G8: Mayor inversión de recursos por parte del contratista. | H8: 1 | I8: 1 | J8: =H8+I8 -> 2 | K8: =IF(J8<=4,'VALORACIÓN DEL RIESGO'!$K$7,IF(J8=5,'VALORACIÓN DEL RIESGO'!$K$6,IF(J8<=7,'VALORACIÓN DEL RIESGO'!$K$5,IF(J8>6,'VALORACIÓN DEL RIESGO'!$K$4)))) -> Riesgo bajo | M8: 1.4 Contratista | N8: 1.4 La entidad al momento de realizar el presupuesto oficial del proyecto, tiene en cuenta los estudios y diseños del proyecto, y el valor de los precios unitarios corresponden a un estimativo que realiza la entidad con respecto a los precios de la región y materiales o insumos de la zona dónde se desarrollarán las obras, sin embargo le corresponde al contratista realizar un estudio detallado de precios de mercado al momento de presentar su oferta, en dónde los Análisis de precios unitarios publicados por la entidad son de referencia o guía para la elaboración de los mismos por parte del contratista. Las observaciones a las APUs de la entidad deben realizarse con la suficiente antelación a la presentación de las ofertas, para efectos de su adecuada configuración por parte del oferente, en las condiciones establecidas en los pliegos de condiciones. | O8: 1 | P8: 1 | Q8: =O8+P8 -> 2 | R8: =IF(Q8<=4,'VALORACIÓN DEL RIESGO'!$K$7,IF(Q8=5,'VALORACIÓN DEL RIESGO'!$K$6,IF(Q8<=7,'VALORACIÓN DEL RIESGO'!$K$5,IF(Q8>6,'VALORACIÓN DEL RIESGO'!$K$4)))) -> Riesgo bajo | S8: No | T8: Contratista | U8: A la adjudicación del contrato | V8: A la terminación del contrato | W8: Requerimientos por parte del supervisor e interventor | X8: Con cada acta parcial realizada por el supervisor e Interventor
A9: 2 | B9: G | C9: E | D9: E | E9: SOCIAL O POLITICO | F9: 2.1. Paros, huelgas, ataques terroristas, alteraciones del orden público, que se presenten en el lugar de ejecución del contrato o en las vías de acceso al mismo. | G9: Perdida o daño de bienes, alteraciones en la prestación de servicios (Transporte servicios públicos), retraso en el cronograma de ejecución del proyecto. | H9: 2 | I9: 2 | J9: 2 | K9: =IF(J9<=4,'VALORACIÓN DEL RIESGO'!$K$7,IF(J9=5,'VALORACIÓN DEL RIESGO'!$K$6,IF(J9<=7,'VALORACIÓN DEL RIESGO'!$K$5,IF(J9>6,'VALORACIÓN DEL RIESGO'!$K$4)))) -> Riesgo bajo | L9: 2 | M9: 2.1 Contratista y municipio | N9: 2.1 El contratista deberá informar oportunamente de la ocurrencia del evento. A su vez el municipio solicitará la colaboración de las autoridades de policía, militares y administrativas competentes para conjurar o mitigar los efectos de los fenómenos sociales que se presenten. | O9: 1 | P9: 1 | Q9: =O9+P9 -> 2 | R9: =IF(Q9<=4,'VALORACIÓN DEL RIESGO'!$K$7,IF(Q9=5,'VALORACIÓN DEL RIESGO'!$K$6,IF(Q9<=7,'VALORACIÓN DEL RIESGO'!$K$5,IF(Q9>6,'VALORACIÓN DEL RIESGO'!$K$4)))) -> Riesgo bajo | S9: No | T9: Municipio y contratista | U9: A la adjudicación del contrato | V9: A la normalización de las condiciones sociales y de orden publico | W9: Requerimientos por parte del supervisor e interventor de las condiciones del evento | X9: De manera diaria durante la ocurrencia y duración del evento
B10: G | C10: E | D10: E | F10: 2.2. Riesgo derivado del favorecimiento a terceros, por la entrega de informacion, recibo o transferencia de dadivas a favor de los encargados del proceso de contratacion. | G10: Demora en el proceso, falta de legitimidad, abuso de poder para favorecer intereses propios o de terceros. | H10: 1 | I10: 1 | J10: =H10+I10 -> 2 | K10: =IF(J10<=4,'VALORACIÓN DEL RIESGO'!$K$7,IF(J10=5,'VALORACIÓN DEL RIESGO'!$K$6,IF(J10<=7,'VALORACIÓN DEL RIESGO'!$K$5,IF(J10>6,'VALORACIÓN DEL RIESGO'!$K$4)))) -> Riesgo bajo | M10: 2.2 Contratista y municipio | N10: 2.2 Se debera realizar revisiones de los procesos de contratación por parte de las dependencias involucradas. Aplicabilidad del estatuto anticorrupcion. Adecuada Revisión de requisitos exigidos para la contratación. | O10: 1 | P10: 1 | Q10: =O10+P10 -> 2 | R10: =IF(Q10<=4,'VALORACIÓN DEL RIESGO'!$K$7,IF(Q10=5,'VALORACIÓN DEL RIESGO'!$K$6,IF(Q10<=7,'VALORACIÓN DEL RIESGO'!$K$5,IF(Q10>6,'VALORACIÓN DEL RIESGO'!$K$4)))) -> Riesgo bajo | S10: No | T10: Municipio y contratista | U10: Desde la fecha de publicación del proceso contractual. | V10: A la fecha de legalización del contrato. | W10: Monitoreo contstante por parte del supervisor, oferentes y futuro contratista. | X10: De manera diaria durante la etapa pre contractual, contractual y hasta la liquidación del mismo.
B11: G | C11: I | D11: E | F11: 2.3. Cambio de políticas o programas de gobierno en el Municipio, que imposibiliten o perturben la ejecución normal del contrato. | G11: Retraso en la ejecución del contrato y ajustes del proyecto de acuerdo a las nuevas políticas | H11: 1 | I11: 1 | J11: =H11+I11 -> 2 | K11: =IF(J11<=4,'VALORACIÓN DEL RIESGO'!$K$7,IF(J11=5,'VALORACIÓN DEL RIESGO'!$K$6,IF(J11<=7,'VALORACIÓN DEL RIESGO'!$K$5,IF(J11>6,'VALORACIÓN DEL RIESGO'!$K$4)))) -> Riesgo bajo | M11: 2.3 Municipio | N11: 2.3 Teniendo en cuenta el principio de planeación y os diferentes instrumentos como los planes de desarrollo, los planes plurianuales de inversiones, así como el programa de gobierno, salvo hechos imprevistos. el Municipio aspira que tales cambios no se generen. Caso contrario, se realizará un plan de transición adoptando las nuevas políticas al proyecto a ejecutar, con los correspondientes ajustes, buscando generar cambios menores o de leve impacto. | O11: 1 | P11: 1 | Q11: =O11+P11 -> 2 | R11: =IF(Q11<=4,'VALORACIÓN DEL RIESGO'!$K$7,IF(Q11=5,'VALORACIÓN DEL RIESGO'!$K$6,IF(Q11<=7,'VALORACIÓN DEL RIESGO'!$K$5,IF(Q11>6,'VALORACIÓN DEL RIESGO'!$K$4)))) -> Riesgo bajo | S11: No | T11: Municipio | U11: A partir de la implementación de la nueva política | V11: A la implementacion de la nueva politica y normalización de las condiciones para la continuidad de la ejecución | W11: Requerimientos por parte del supervisor e interventor de las condiciones del evento | X11: De manera diaria durante la ocurrencia y duración del evento
B12: G | C12: E | D12: E | E12: OPERACIONAL | F12: 3.1. Riesgo de no inicio de las obras y/o demora en la ejecución y/o parálisis de la misma, por demoras en el trámite de los permisos y/o licencias a cargo del contratista y por causas imputables al PROPONENTE Y/O CONTRATISTA. Riesgo que asume el PROPONENTE Y/O CONTRATISTA. | G12: Retraso en la ejecución del contrato e incumplimiento de los plazos contractuales | H12: 1 | I12: 1 | J12: =H12+I12 -> 2 | K12: =IF(J12<=4,'VALORACIÓN DEL RIESGO'!$K$7,IF(J12=5,'VALORACIÓN DEL RIESGO'!$K$6,IF(J12<=7,'VALORACIÓN DEL RIESGO'!$K$5,IF(J12>6,'VALORACIÓN DEL RIESGO'!$K$4)))) -> Riesgo bajo | L12: 3 | M12: 3.1 Contratista | N12: 3.1 EI contratista deberá prever desde la visita inicial al sitio de las obras y después de la revisión de los estudios y diseños los permisos, tramites y licencias que se requieran para la ejecución de las obras, y tomar la precaución de los plazos que tarde el trámite de los mismos. Igualmente deberá realizar los ajustes al cronograma de obras para efectos de garantizar la ejecución continua del mismo. Adicionalmente la interventoría deberá realizar el acompañamiento necesario para evitar que los posibles retrasos en el inicio de los trámites no se den por causa de negligencia del contratista en cuanto a las demoras de las solicitudes a las entidades que corresponda. | O12: 2 | P12: 2 | Q12: 2 | R12: =IF(Q12<=4,'VALORACIÓN DEL RIESGO'!$K$7,IF(Q12=5,'VALORACIÓN DEL RIESGO'!$K$6,IF(Q12<=7,'VALORACIÓN DEL RIESGO'!$K$5,IF(Q12>6,'VALORACIÓN DEL RIESGO'!$K$4)))) -> Riesgo bajo | S12: No | T12: Contratista | U12: A la adjudicación del contrato | V12: A la terminación del contrato | W12: Requerimientos por parte del supervisor e interventor | X12: Con cada acta parcial realizada por el supervisor e Interventor durante la ejecución de la obra
B13: G | C13: E | D13: E | F13: 3.2. Riesgo por demora, retrasos, inconvenientes que afecten el plazo de ejecución del contrato o el cronograma de obra a causa de la no disponibilidad del personal del Contratista que cumpla con los requisitos exigidos en el Pliego de Condiciones. Riesgo que asume el PROPONENTE Y/O CONTRATISTA. | G13: Retraso en la ejecución del contrato, incumplimiento del cronograma. | H13: 1 | I13: 1 | J13: =H13+I13 -> 2 | K13: =IF(J13<=4,'VALORACIÓN DEL RIESGO'!$K$7,IF(J13=5,'VALORACIÓN DEL RIESGO'!$K$6,IF(J13<=7,'VALORACIÓN DEL RIESGO'!$K$5,IF(J13>6,'VALORACIÓN DEL RIESGO'!$K$4)))) -> Riesgo bajo | M13: 3.2. Contratista | N13: 3.2. El proponente debe garantizar desde la presentación de la oferta de la disponibilidad de personal en las cantidades y calidades exigidas en los pliegos de condiciones y de mantenerlos durante la ejecución del proyecto y en caso de ausencia por fuerza mayor o caso fortuito, deberá realizar los remplazos con personal de iguales o mejores calidades exigidas. El Contratista en sus subcontratos deberá prever preavisos a su personal, previo a su renuncia o desvinculación, que le brinden el tiempo oportuno para su remplazo. Por otra parte la interventoría velará por el cumplimiento de la vinculación del personal con forme a lo establecido en los pliegos de condiciones, realizando las revisiones y observaciones de manera oportuna. | O13: 1 | P13: 1 | Q13: =O13+P13 -> 2 | R13: =IF(Q13<=4,'VALORACIÓN DEL RIESGO'!$K$7,IF(Q13=5,'VALORACIÓN DEL RIESGO'!$K$6,IF(Q13<=7,'VALORACIÓN DEL RIESGO'!$K$5,IF(Q13>6,'VALORACIÓN DEL RIESGO'!$K$4)))) -> Riesgo bajo | S13: No | T13: Contratista | U13: A la adjudicación del contrato | V13: A la terminación del contrato | W13: Requerimientos por parte del supervisor e interventor | X13: Con cada acta parcial realizada por el supervisor
B14: G | C14: E | D14: S | F14: 3.3. Errores cometidos por los contratistas en la elaboración de las propuestas (Sobre 1 y Sobre 2): por la configuración de la oferta económica o los ofrecimientos realizados a la entidad; así como los cometidos en documentos elaborados por el contratista durante la ejecución del contrato. | G14: Inversión de recursos por parte del contratista. | H14: 2 | I14: 2 | J14: =H14+I14 -> 4 | K14: =IF(J14<=4,'VALORACIÓN DEL RIESGO'!$K$7,IF(J14=5,'VALORACIÓN DEL RIESGO'!$K$6,IF(J14<=7,'VALORACIÓN DEL RIESGO'!$K$5,IF(J14>6,'VALORACIÓN DEL RIESGO'!$K$4)))) -> Riesgo bajo | M14: 3.3. Contratista | N14: 3.9. En la elaboración de las propuestas así como de los documentos durante la ejecución del contrato el contratista dispondrá del personal suficiente y calificado que garantice la calidad de los mismos, para el cual deberá contar con los filtros de revisión dentro de su propia organización para evitar errores en los mismos. | O14: 1 | P14: 1 | Q14: =O14+P14 -> 2 | R14: =IF(Q14<=4,'VALORACIÓN DEL RIESGO'!$K$7,IF(Q14=5,'VALORACIÓN DEL RIESGO'!$K$6,IF(Q14<=7,'VALORACIÓN DEL RIESGO'!$K$5,IF(Q14>6,'VALORACIÓN DEL RIESGO'!$K$4)))) -> Riesgo bajo | S14: No | T14: Contratista | U14: A la presentación de propuestas | V14: A la terminación del contrato | W14: Requerimientos por parte del encargado del proceso y por parte del supervisor e interventor del contrato | X14: En la evaluación de las ofertas y con cada acta parcial realizada por el supervisor
B15: G | C15: I | D15: P | F15: 3.4. Errores involuntarios que hayan quedado en los pliegos de condiciones, APU, unidades, cantidades de obra, especificaciones, descripción del proyecto y/o estudios previos, operaciones aritméticas, etc. | G15: Incremento de costos. | H15: 1 | I15: 1 | J15: =H15+I15 -> 2 | K15: =IF(J15<=4,'VALORACIÓN DEL RIESGO'!$K$7,IF(J15=5,'VALORACIÓN DEL RIESGO'!$K$6,IF(J15<=7,'VALORACIÓN DEL RIESGO'!$K$5,IF(J15>6,'VALORACIÓN DEL RIESGO'!$K$4)))) -> Riesgo bajo | M15: 3.4. Contratista y Municipio | N15: 3.10. La realización desde los pliegos de condiciones, APUS, unidades y cantidades de obra y especificaciones del proyecto así como los estudios previos entre otros serán realizados de la manera más detallada, concienzuda y revisados por las diferentes instancias tanto del contratante como el contratista al momento de presentar ofertas, pues nada se dará por oficializado sin la respectiva revisión. | O15: 1 | P15: 1 | Q15: =O15+P15 -> 2 | R15: =IF(Q15<=4,'VALORACIÓN DEL RIESGO'!$K$7,IF(Q15=5,'VALORACIÓN DEL RIESGO'!$K$6,IF(Q15<=7,'VALORACIÓN DEL RIESGO'!$K$5,IF(Q15>6,'VALORACIÓN DEL RIESGO'!$K$4)))) -> Riesgo bajo | S15: No | T15: Contratista y Municipio | U15: A la presentación de propuestas y durante la ejecución del contrato | V15: A la terminación del contrato | W15: Requerimientos por parte de los oferentes y por parte del supervisor e interventor del contrato. | X15: Durante el proceso de selección y ejecución del contrato
B16: G | C16: I | D16: C | F16: 3.11. Riesgo presentado por la demora en la adjudicación de la INTERVENTORÍA correspondiente al proceso contractual. Riesgo que asume el PROPONENTE Y/O CONTRATISTA, hasta tres (3) meses después de adjudicado el contrato de obra, teniendo en cuenta que el Concurso de Méritos y/o proceso de selección de la Interventoría, es un proceso independiente, que podría presentar demoras por observaciones presentadas al proceso, notificaciones de ley, o quedar desierto, entre otros aspectos. Riesgo que asume la entidad después de tres {3} meses de adjudicado el contrato de obra. | G16: Retraso en la ejecución del contrato y de los plazos contractuales | H16: 2 | I16: 2 | J16: =H16+I16 -> 4 | K16: =IF(J16<=4,'VALORACIÓN DEL RIESGO'!$K$7,IF(J16=5,'VALORACIÓN DEL RIESGO'!$K$6,IF(J16<=7,'VALORACIÓN DEL RIESGO'!$K$5,IF(J16>6,'VALORACIÓN DEL RIESGO'!$K$4)))) -> Riesgo bajo | M16: 3.11. Contratista y Municipio | N16: 3.11. EI contratante adelantara los procesos de selección de la interventoría con la debida anticipación para que una vez adjudicado el contrato de obra se pueda iniciar sin contratiempos la ejecución de la misma, el proponente tendrá en cuenta que por causas imputables a la ley de contratación el proceso de selección podría tener demoras adicionales e incluso declararse desierto lo que significaría un aplazamiento en la fecha de ejecución del contrato | O16: 1 | P16: 1 | Q16: =O16+P16 -> 2 | R16: =IF(Q16<=4,'VALORACIÓN DEL RIESGO'!$K$7,IF(Q16=5,'VALORACIÓN DEL RIESGO'!$K$6,IF(Q16<=7,'VALORACIÓN DEL RIESGO'!$K$5,IF(Q16>6,'VALORACIÓN DEL RIESGO'!$K$4)))) -> Riesgo bajo | S16: No | T16: Contratista y Municipio | U16: A la iniciación del proceso | V16: Hasta 3 meses después de la adjudicación | W16: Seguimiento al cronograma del proceso de selección de la interventoría | X16: Durante el proceso de selección de la interventoría
B17: G | C17: I | D17: C | F17: 3.5. Riesgo presentado por la demora en la designación de la SUPERVISION DEL CONTRATO correspondiente al proceso contractual. Riesgo que asume el MUNICIPIO. | G17: Retraso en la ejecución del contrato y de los plazos contractuales | H17: 2 | I17: 2 | J17: =H17+I17 -> 4 | K17: =IF(J17<=4,'VALORACIÓN DEL RIESGO'!$K$7,IF(J17=5,'VALORACIÓN DEL RIESGO'!$K$6,IF(J17<=7,'VALORACIÓN DEL RIESGO'!$K$5,IF(J17>6,'VALORACIÓN DEL RIESGO'!$K$4)))) -> Riesgo bajo | M17: 3.5. Municipio | N17: 3.11. EI Municipio adelantara la designación del funcionario de la Secretaría de Infraestructura Física encargado de la supervición del contrato con la debida anticipación para que una vez adjudicado el contrato de obra se pueda iniciar sin contratiempos la ejecución de la misma. | O17: 1 | P17: 1 | Q17: =O17+P17 -> 2 | R17: =IF(Q17<=4,'VALORACIÓN DEL RIESGO'!$K$7,IF(Q17=5,'VALORACIÓN DEL RIESGO'!$K$6,IF(Q17<=7,'VALORACIÓN DEL RIESGO'!$K$5,IF(Q17>6,'VALORACIÓN DEL RIESGO'!$K$4)))) -> Riesgo bajo | S17: No | T17: Municipio | U17: A la iniciación del proceso | V17: A la terminación del contrato | W17: Seguimiento al proceso de selección de la supervisión | X17: Durante el proceso de selección y ejecución del contrato
B18: G | C18: E | D18: E | F18: 3.6. Riesgo presentado por accidentalidad y/o muerte de personal del proponente y/o contratista adjudicatario desde la adjudicación y/o durante la ejecución del contrato, por causas externas al proyecto o por ausencia o falta o deficiencia del SISTEMA DE SEGURIDAD INDUSTRIAL del proyecto, riesgo que asume el proponente y/o contratista adjudicatario. | G18: Retraso en la ejecución del contrato y de los plazos contractuales | H18: 2 | I18: 2 | J18: =H18+I18 -> 4 | K18: =IF(J18<=4,'VALORACIÓN DEL RIESGO'!$K$7,IF(J18=5,'VALORACIÓN DEL RIESGO'!$K$6,IF(J18<=7,'VALORACIÓN DEL RIESGO'!$K$5,IF(J18>6,'VALORACIÓN DEL RIESGO'!$K$4)))) -> Riesgo bajo | M18: 3.6. Contratista | N18: 3.12 El contratista deberá proyectar un equipo alterno con iguales condiciones a las exigidas en el pliego de condiciones. | O18: 1 | P18: 1 | Q18: =O18+P18 -> 2 | R18: =IF(Q18<=4,'VALORACIÓN DEL RIESGO'!$K$7,IF(Q18=5,'VALORACIÓN DEL RIESGO'!$K$6,IF(Q18<=7,'VALORACIÓN DEL RIESGO'!$K$5,IF(Q18>6,'VALORACIÓN DEL RIESGO'!$K$4)))) -> Riesgo bajo | S18: No | T18: Contratista | U18: A la adjudicación del contrato | V18: A la terminación del contrato | W18: Análisis y revisión del plan o del equipo alterno de trabajo. | X18: Con cada acta parcial realizada por el supervisor e interventor.
A19: 4 | B19: G | C19: E | D19: E | E19: FINANCIEROS | F19: 4.1. Riesgo presentado por las fluctuaciones de las tasas de interés, tasa de cambio, variaciones cambiarias y financieras por causas micro o macroeconómicas. Son las acciones encaminadas a la administración, consecución y disponibilidad oportuna de recursos financieros, propios o por medio de créditos en moneda nacional o extranjera, para el cumplimiento del objeto contractual, en los plazos fijados para tal efecto. Incluye los riesgos asociados a las fluctuaciones de las tasas de interés, plazos, tasas de cambio, ajustes por inflación y a las variaciones cambiarias y financieras por causas micro o macroeconómicas. Riesgo que asume el PROPONENTE Y/O CONTRATISTA. | G19: Disminución o desmejora de las fuentes de financiación. | H19: 1 | I19: 1 | J19: =H19+I19 -> 2 | K19: =IF(J19<=4,'VALORACIÓN DEL RIESGO'!$K$7,IF(J19=5,'VALORACIÓN DEL RIESGO'!$K$6,IF(J19<=7,'VALORACIÓN DEL RIESGO'!$K$5,IF(J19>6,'VALORACIÓN DEL RIESGO'!$K$4)))) -> Riesgo bajo | L19: 4 | M19: 4.1. Contratista | N19: 4.1. Se debe realizar un flujo financiero y de caja del proyecto de manera tal que le permita al proponente prever los ajustes o cambios financieros que por efectos de anualidades o causas externas previsibles se puedan establecer para disminuir este riesgo. | O19: 1 | P19: 1 | Q19: =O19+P19 -> 2 | R19: =IF(Q19<=4,'VALORACIÓN DEL RIESGO'!$K$7,IF(Q19=5,'VALORACIÓN DEL RIESGO'!$K$6,IF(Q19<=7,'VALORACIÓN DEL RIESGO'!$K$5,IF(Q19>6,'VALORACIÓN DEL RIESGO'!$K$4)))) -> Riesgo bajo | S19: No | T19: Contratista | U19: A la adjudicación del contrato | V19: A la terminación del contrato | W19: Analisis y revision periodico del plan de compras, flujo financiero y del cronograma de ejecucion durante la ejecucion de la obra. | X19: Con cada acta parcial realizada por el supervisor e interventor
A20: 5 | B20: G | C20: E | D20: E | E20: REGULATORIOS | F20: 5.1. Riesgo ocasionado por cambios en la normatividad técnica o de calidad durante la ejecución del proyecto, riesgo que asume el municipio. | G20: Retraso en la ejecución del contrato, ajustes o complementos al proyecto de acuerdo a la normatividad vigente cuando el cambio afecte sustancialmente el proyecto. | H20: 1 | I20: 1 | J20: =H20+I20 -> 2 | K20: =IF(J20<=4,'VALORACIÓN DEL RIESGO'!$K$7,IF(J20=5,'VALORACIÓN DEL RIESGO'!$K$6,IF(J20<=7,'VALORACIÓN DEL RIESGO'!$K$5,IF(J20>6,'VALORACIÓN DEL RIESGO'!$K$4)))) -> Riesgo bajo | L20: 5 | M20: 5.1. Municipio | N20: 5.1 .En caso de presentarse cambios en especificaciones, el municipio realizara los cambios necesarios para acatar la nueva normatividad técnica o de calidad que regule la ejecución del proyecto. | O20: 1 | P20: 1 | Q20: =O20+P20 -> 2 | R20: =IF(Q20<=4,'VALORACIÓN DEL RIESGO'!$K$7,IF(Q20=5,'VALORACIÓN DEL RIESGO'!$K$6,IF(Q20<=7,'VALORACIÓN DEL RIESGO'!$K$5,IF(Q20>6,'VALORACIÓN DEL RIESGO'!$K$4)))) -> Riesgo bajo | S20: No | T20: Municipio | U20: A partir de la implementación de la nueva política o normatividad | V20: A la terminación del contrato | W20: Análisis y revisión periódico de cambios en la normatividad | X20: Con cada acta parcial realizada por el supervisor e interventor
B21: G | C21: E | D21: E | F21: 5.2. Riesgo del contrato ocasionado a causa de la coordinación interinstitucional, cuando el municipio y/o contratista dependen de decisiones de otras Entidades Oficiales y/o Públicas. Riesgo que asume el municipio excepto para los permisos, autorizaciones y/o licencias ambientales a cargo del Proponente y/o contratista | G21: Retazo en la ejecución del contrato. | H21: 1 | I21: 1 | J21: =H21+I21 -> 2 | K21: =IF(J21<=4,'VALORACIÓN DEL RIESGO'!$K$7,IF(J21=5,'VALORACIÓN DEL RIESGO'!$K$6,IF(J21<=7,'VALORACIÓN DEL RIESGO'!$K$5,IF(J21>6,'VALORACIÓN DEL RIESGO'!$K$4)))) -> Riesgo bajo | M21: 5.2. Municipio | N21: 5.2. En el evento de cambios generados por decisiones de otras entidades oficiales o públicas, sólo en el evento de que el Municipio Dependa de ello en relación al proyecto se tomaran las medidas necesarias para aclarar o ajustar a lo requerido por dichas entidades. | O21: 1 | P21: 1 | Q21: =O21+P21 -> 2 | R21: =IF(Q21<=4,'VALORACIÓN DEL RIESGO'!$K$7,IF(Q21=5,'VALORACIÓN DEL RIESGO'!$K$6,IF(Q21<=7,'VALORACIÓN DEL RIESGO'!$K$5,IF(Q21>6,'VALORACIÓN DEL RIESGO'!$K$4)))) -> Riesgo bajo | S21: No | T21: Municipio | U21: A partir de la implementación de la nueva política o normatividad | V21: A la terminación del contrato | W21: Análisis y revisión periódico de cambios en la normatividad | X21: Con cada acta parcial realizada por el supervisor
A22: 6 | B22: G | C22: E | D22: E | E22: NATURALES | F22: 6.1. Riesgo de Fuerza Mayor Asegurable. Son las relacionadas con los impactos adversos debido a la ocurrencia de desastres naturales que afecten los bienes, equipos y personal del Contratista. Riesgo que asume el PROPONENTE Y/O CONTRATISTA. | G22: Retraso en la ejecución del contrato. Reconstrucción o nueva realización de estructuras o Ítems ya ejecutados. Daño o perdida de insumos equipo y personal para la ejecución del contrato. Incremento de costos. | H22: 2 | I22: 2 | J22: =H22+I22 -> 4 | K22: =IF(J22<=4,'VALORACIÓN DEL RIESGO'!$K$7,IF(J22=5,'VALORACIÓN DEL RIESGO'!$K$6,IF(J22<=7,'VALORACIÓN DEL RIESGO'!$K$5,IF(J22>6,'VALORACIÓN DEL RIESGO'!$K$4)))) -> Riesgo bajo | L22: 6 | M22: 6.1. Contratista | N22: 6.1. Como previsión para prever los riegos de fuerza mayor asegurable, el contratista deberá tomar las pólizas de seguro necesarias que brinden la cobertura frente a casos de fuerza mayor | O22: 1 | P22: 1 | Q22: =O22+P22 -> 2 | R22: =IF(Q22<=4,'VALORACIÓN DEL RIESGO'!$K$7,IF(Q22=5,'VALORACIÓN DEL RIESGO'!$K$6,IF(Q22<=7,'VALORACIÓN DEL RIESGO'!$K$5,IF(Q22>6,'VALORACIÓN DEL RIESGO'!$K$4)))) -> Riesgo bajo | S22: No | T22: Contratista | U22: A la adjudicación del contrato | V22: A la terminación del contrato | W22: Requerimientos y visitas periódicas por parte del supervisor e interventor | X22: Con cada acta parcial realizada por el supervisor e interventor
B23: G | C23: E | D23: E | F23: 6.2. Riesgo de Fuerza Mayor No Asegurable. Riesgo que asume el PROPONENTE Y/O CONTRATISTA en lo relacionado con sus bienes, equipos y personal. Riesgo que asume el municipio en lo referente a daños en bienes de su propiedad y lo relacionado con el plazo de ejecución de las obras | G23: Retraso en la ejecución del contrato. Reconstrucción o nueva realización de estructuras o Ítems ya ejecutados. Daño o perdida de insumos equipo y personal para la ejecución del contrato. Incremento de costos. | H23: 2 | I23: 2 | J23: =H23+I23 -> 4 | K23: =IF(J23<=4,'VALORACIÓN DEL RIESGO'!$K$7,IF(J23=5,'VALORACIÓN DEL RIESGO'!$K$6,IF(J23<=7,'VALORACIÓN DEL RIESGO'!$K$5,IF(J23>6,'VALORACIÓN DEL RIESGO'!$K$4)))) -> Riesgo bajo | M23: 6.2. Contratista y Municipio | N23: 6.2. Como previsión para prever los riegos de fuerza mayor no asegurable, el contratista deberá tomar las pólizas de seguro necesarias que brinden la cobertura frente a casos de fuerza mayor | O23: 1 | P23: 1 | Q23: =O23+P23 -> 2 | R23: =IF(Q23<=4,'VALORACIÓN DEL RIESGO'!$K$7,IF(Q23=5,'VALORACIÓN DEL RIESGO'!$K$6,IF(Q23<=7,'VALORACIÓN DEL RIESGO'!$K$5,IF(Q23>6,'VALORACIÓN DEL RIESGO'!$K$4)))) -> Riesgo bajo | S23: No | T23: Contratista y Municipio | U23: A la adjudicación del contrato | V23: A la terminación del contrato | W23: Requerimientos y visitas periódicas por parte del supervisor e interventor | X23: Con cada acta parcial realizada por el supervisor e interventor

Sheet CONVENCIONES
A2: CLASE | B2: General (G) | C2: Fuente | D2: Interno (I) | E2: Etapa | F2: Planeación (P) | G2: Probabilidad | H2: Categoría | I2: Valoración
F3: Selección (S) | H3: Raro (Puede ocurrir excepcionalmente) | I3: 1
B4: Específico (E) | F4: Contratación (C) | H4: Improbable (Puede ocurrir ocasionalemente) | I4: 2
D5: Externo (E) | H5: Posible (Puede ocurrir en cualquier momento) | I5: 3
F6: Ejecución (E) | H6: Probable (Probablemente va a ocurrir) | I6: 4
H7: Casi cierto (Ocurre en la mayoría de las circunstancias) | I7: 5

Sheet IMPACTO DEL RIESGO
A1: IMPACTO DEL RIESGO
A2: Abrev. | B2: Categoría | C2: Valoración | D2: Calificación
D3: Cualitativa | E3: Monetaria
A4: I | B4: Insignificante | C4: 1 | D4: Obstruye la ejecución del contrato de manera intrascendente | E4: Los sobrecostos no representan más del 1% del valor del contrato
A5: Mn | B5: Menor | C5: 2 | D5: Dificulta la ejecuón del contrato de manera baja, aplicando medidas mínimas se puede lograr el objeto contractual | E5: Los sobrecostos no representan más del 5% del valor del contrato
A6: Md | B6: Moderado | C6: 3 | D6: Afecta la ejecución del contrato sin alterar el beneficio para las partes | E6: Genera un impacto sobre el valor del contrato entre el 5% y 15%
A7: M | B7: Mayor | C7: 4 | D7: Obstruye la ejecución del contrato sustancialmente pero aun así permite la consecución del objeto contractual | E7: Incrementa el valor del contrato entre el 15% y 30%
A8: C | B8: Catastrófico | C8: 5 | D8: Perturba la ejecución del contrato de manera grave, imposibilitando la consecución del objeto contractual. | E8: Impacto sobre el valor del contrato más del 30%

Sheet VALORACIÓN DEL RIESGO
A1: VALORACIÓN DEL RIESGO
A2: Abrev. | B2: Categoría | C2: Valoración | D2: Calificación | J2: Categoría del Riesgo
D3: Insignificante | E3: Menor | F3: Moderado | G3: Mayor | H3: Catastrófico | J3: Valoración del Riesgo | K3: Categoría
D4: 1 | E4: 2 | F4: 3 | G4: 4 | H4: 5 | J4: 8,9 y 10 | K4: Riesgo extremo
A5: R | B5: Raro (Puede ocurrir excepcionalmente) | C5: 1 | D5: 2 | E5: 3 | F5: 4 | G5: 5 | H5: 6 | J5: 6 y 7 | K5: Riesgo alto
A6: I | B6: Improbable (Puede ocurrir ocasionalemente) | C6: 2 | D6: 3 | E6: 4 | F6: 5 | G6: 6 | H6: 7 | J6: 5 | K6: Riesgo medio
A7: Ps | B7: Posible (Puede ocurrir en cualquier momento) | C7: 3 | D7: 4 | E7: 5 | F7: 6 | G7: 7 | H7: 8 | J7: 2,3 y 4 | K7: Riesgo bajo
A8: Pr | B8: Probable (Probablemente va a ocurrir) | C8: 4 | D8: 5 | E8: 6 | F8: 7 | G8: 8 | H8: 9
A9: C | B9: Casi cierto (Ocurre en la mayoría de las circunstancias) | C9: 5 | D9: 6 | E9: 7 | F9: 8 | G9: 9 | H9: 10
